Unix NetHack Version 5.0.0-0 post-release - last build May 30 2026 05:04:26 (55804bc15828dd6e32e9076e0726aa6fccb6e981,branch:main).

Game began 2026-05-30 19:41:25, ended 2026-05-30 19:51:10.

DaveT, lawful male human Priest

                                              ---------
                       --------             ##..<.....|
                       |`......#            # |........#
                       |......|#            # |{......|#
                       --.---.-#           ## ----|----###
                        ##   #####        ##      #      #
                        #      # #       ##     ###      ##
                        #      # #       #      #         #
                  #######      # #       #      #         ## ---------
                  #            #-.-+---  #      #          ##........|
                --|--------    #-..`..| ##     ##          ##|.......|
               #..........|     |......##      #             |.......|
               #|.........|     |.....|        ##          ##|>......|
 ----------    #|.........|     |......##     -.-.--   ######|.......|
 |[[[m[.[[|  ###-----------     ------- #     |....|   #    #-.......|
 |[[[[[[..| ##                          ######|....|   #     ---------
 |[.[[m.[@|##                                #|....|  ##
 |[[[@[[[.-#                                 #......###
 ----------                                   ------

DaveT the Acolyte            St:14 Dx:13 Co:14 In:11 Wi:17 Ch:7  Lawful
Dlvl:2  $:0  HP:0(33) Pw:55(55) AC:2  Xp:4 T:2016 

Latest messages:
 You miss the large mimic.
 The large mimic hits!
 What do you want to zap? [rE or ?*] ?
 In what direction? h
 The sleep ray hits the large mimic.
 The large mimic's grip relaxes.
 You see here a ring mail (for sale, 150 zorkmids).
 You see here an axe (for sale, 12 zorkmids).
 You see here a slippery cloak (for sale, 100 zorkmids).
 You see here an opera cloak (for sale, 135 zorkmids).
 You see here a crude ring mail (for sale, 160 zorkmids).
 You drop a cursed crude dagger.
 Kadirli offers 2 gold pieces for your crude dagger.  Sell it? [ynaq] (n) y
 A cursed orcish dagger; you sold it for 2 gold pieces.
 You drop a flail.
 Kadirli offers 2 gold pieces for your flail.  Sell it? [ynaq] (n) y
 You sold a flail for 2 gold pieces.
 You drop a long sword.
 Kadirli offers 8 gold pieces for your long sword.  Sell it? [ynaq] (n) y
 You sold a long sword for 8 gold pieces.
 You drop an iron skull cap.
 Kadirli offers 5 gold pieces for your iron skull cap.  Sell it? [ynaq] (n) y
 An orcish helm; you sold it for 5 gold pieces.
 You see here a cursed pair of boots called jumping (for sale, 75 zorkmids).
 You see here a ring mail (for sale, 150 zorkmids).
 You see here an orcish helm (for sale, 15 zorkmids).
 You see here a ring mail (for sale, 150 zorkmids).
 You see here a studded leather armor (for sale, 23 zorkmids).
 You see here a pair of riding gloves (for sale, 16 zorkmids).
 You hear someone counting gold coins.
 "For you, most gracious sir; only 16 zorkmids for this pair of riding gloves."
 M - a pair of riding gloves (unpaid, 16 zorkmids).
 What do you want to wear? [M or ?*] M
 You finish your dressing maneuver.
 You see here an opera cloak (for sale, 135 zorkmids).
 You see here a slippery cloak (for sale, 100 zorkmids).
 You see here an axe (for sale, 12 zorkmids).
 You see here a slippery cloak (for sale, 100 zorkmids).
 You see here a bronze plate mail (for sale, 600 zorkmids).
 You see here a chain mail (for sale, 113 zorkmids).
 You see here a scale mail (for sale, 83 zorkmids).
 You see here a tattered cape (for sale, 90 zorkmids).
 You see here a cursed pair of riding boots (for sale, 60 zorkmids).
 You see here an axe (for sale, 12 zorkmids).
 That strange object is a small mimic!
 The small mimic hits!
 You die...
 Kadirli comes and takes all your possessions.
 Do you want to see what you had when you died? [ynq] (y) y
 Do you want to see your attributes? [ynq] (y) q

Inventory:
 Weapons  (')')
  y - a +1 orcish dagger
  a - a blessed +2 mace (weapon in right hand)
 Armor    ('[')
  m - a +0 orcish helm (being worn)
  M - a +0 pair of leather gloves (being worn)
  K - a +0 pair of jumping boots (being worn)
  c - a burnt +0 small shield (being worn)
  b - a +0 robe (being worn)
  L - a blessed +1 leather armor (being worn)
 Comestibles  ('%')
  e - a clove of garlic
  x - 2 cram rations
  A - a food ration
  H - a pear
  f - a sprig of wolfsbane
 Scrolls  ('?')
  j - a cursed scroll of light
 Spellbooks  ('+')
  h - a spellbook of clairvoyance
  g - a spellbook of protection
 Potions  ('!')
  G - a potion of sleeping
  d - 2 potions of holy water
 Wands    ('/')
  E - a wand of light (0:13)
  r - a wand of sleep (0:4)
 Tools    ('(')
  s - a tin whistle
 Gems/Stones  ('*')
  v - a worthless piece of blue glass
  I - 2 worthless pieces of orange glass
  o - a worthless piece of violet glass

DaveT the Priest's attributes:

Background:
 You were an Acolyte, a level 4 human Priest.
 You were lawful, on a mission for Amaterasu Omikami
 who was opposed by Raijin (neutral) and Susanowo (chaotic).
 You were right-handed.
 You were in the Dungeons of Doom, on level 2.
 You entered the dungeon 2016 turns ago.
 You had 101 experience points, 59 more were needed to attain level 5.

Basics:
 You had 0 out of 33 hit points.
 You had all 55 energy points (spell power).
 Your armor class was 2.
 Your wallet was empty.
 Autopickup was off.

Final Characteristics:
 Your strength was 14 (limit:18/100).
 Your dexterity was 13 (limit:18).
 Your constitution was 14 (limit:18).
 Your intelligence was 11 (limit:18).
 Your wisdom was 17 (limit:18).
 Your charisma was 7 (limit:18).

Final Status:
 You weren't hungry.
 You were unencumbered.
 You were wielding a mace.
 You had basic skill with mace.

Final Attributes:
 You were devoutly aligned.
 You could jump.
 You were guarded.
 Your spell casting was enhanced by wearing a robe.
 You were unlucky.
 Amaterasu Omikami was angry with you.
 You are dead.

Miscellaneous:
 You didn't encounter any bones levels.
 Total elapsed playing time was 9 minutes and 44 seconds.

Major events:
 Turn
    1: DaveT the lawful human Priest entered the dungeon
  701: entered the Gnomish Mines
  804: attained the rank of Acolyte (level 3)
 2016: killed by a small mimic

Spells:
 Name                 Level Category     Fail Retention
 protection             1   clerical       0%   81%-90%
 clairvoyance           3   divination    90%  76%-100%

Skills:
 Fighting Skills
   bare handed combat [Unskilled]
 Weapon Skills
   club               [Unskilled]
   mace               [Basic]
   morning star       [Unskilled]
   flail              [Unskilled]
   hammer             [Unskilled]
   quarterstaff       [Unskilled]
   polearms           [Unskilled]
   spear              [Unskilled]
   trident            [Unskilled]
   lance              [Unskilled]
   bow                [Unskilled]
   sling              [Unskilled]
   crossbow           [Unskilled]
   dart               [Unskilled]
   shuriken           [Unskilled]
   boomerang          [Unskilled]
   unicorn horn       [Unskilled]
 Spellcasting Skills
   healing spells     [Unskilled]
   divination spells  [Unskilled]
   clerical spells    [Basic]

Voluntary challenges:
 Character rerolling was not enabled.
 You never genocided any monsters.
 You never polymorphed an object.
 You never changed form.
 You used no wishes.
Achievements:
 You entered a shop.
 You entered the Gnomish Mines.
 You attained the rank of Acolyte.

 The Dungeons of Doom: levels 1 to 6
    Level 1:
       A fountain.
    Level 2: "vault, door in center N" <- You were here.
       An armor shop, a sink.
       Final resting place for
          you, killed by a small mimic.
    Level 3: "vault"
       Stairs down to The Gnomish Mines.
    Level 4:
       An altar to Amaterasu Omikami, a fountain.
    Level 5:
       Many fountains.
    Level 6:
       A fountain.
 The Gnomish Mines:
    Level 4:


Vanquished creatures:
  a kitten
  a rabid rat
  a giant bat
  a monkey
  a dwarf zombie
  a giant rat
  a yellow mold
  a gnome
  5 jackals
  a fox
  3 goblins
  5 grid bugs
  a bat
  3 lichens
  4 newts
30 creatures vanquished.

No species were genocided or became extinct.

Game over:
                       ----------
                      /          \
                     /    REST    \
                    /      IN      \
                   /     PEACE      \
                  /                  \
                  |      DaveT       |
                  |       0 Au       |
                  |   killed by a    |
                  |   small mimic    |
                  |                  |
                  |                  |
                  |       2026       |
                 *|     *  *  *      | *
        _________)/\\_//(\/(/\)/\//\/|_)_______

Goodbye DaveT the Priest...

You died in The Dungeons of Doom on dungeon level 2 with 704 points,
and 0 pieces of gold, after 2016 moves.
You were level 4 with a maximum of 33 hit points when you died.

